AoeStats
← VeX

Coastal Forest

510385585Analyzed
2v2 RM · 15h ago on Sep 30, 2026· 73m 6s· 4 players
Game mode
Random Map
Map size
Medium (4 player)
Population
200
Speed
Normal
Resources
Standard
Victory
Conquest
Starting age
Dark Age
Ending age
Imperial Age
RankedLock teamsTeams togetherTeam positionsShared explorationLock speedFull tech treeHidden civsTurbo modeCheats
Victory
Defeat
🇩🇰 Wu · Denmark
1155
+15
🇩🇰 Japanese · Denmark
1123
+17
🇪🇸 Spanish · Spain
1141
-16
🇪🇸 Franks · Spain
1141
-16
skepticart
11:23 Feudal Age
11:21 Loom
12:44 Gold Mining
12:48 Double-Bit Axe
16:44 Castle Age
18:17 Stone Mining
24:50 Pikeman
28:15 Squires
35:03 Scale Mail Armor
35:13 Forging
36:56 Bow Saw
49:56 Husbandry
49:26 Light Cavalry
50:17 Bloodlines
51:57 Elite Skirmisher
56:01 Chain Mail Armor
67:30 Imperial Age
67:59 Iron Casting
Cabeceo_e
9:12 Loom
10:58 Feudal Age
12:00 Double-Bit Axe
15:56 Castle Age
14:21 Gold Mining
14:41 Horse Collar
15:28 Scale Mail Armor
16:26 Forging
18:41 Chain Mail Armor
18:46 Bow Saw
20:21 Heavy Plow
22:33 Iron Casting
25:21 Wheelbarrow
27:47 Hand Cart
27:10 Elite Skirmisher
28:24 Hand Cart
27:56 Town Watch
28:42 Squires
28:03 Pikeman
28:50 Scale Barding Armor
28:37 Fletching
29:53 Arson
30:38 Bodkin Arrow
32:16 Padded Archer Armor
35:58 Ballistics
40:06 Imperial Age
37:13 Man-at-Arms
39:39 Long Swordsman
42:16 Two-Man Saw
41:54 Gold Shaft Mining
41:09 Stone Mining
40:46 Halberdier
40:46 Two-Handed Swordsman
42:08 Bracer
43:21 Plate Mail Armor
45:43 Blast Furnace
44:58 Leather Archer Armor
45:49 Conscription
45:29 Sitting Tiger
45:54 Champion
49:14 Stone Shaft Mining
51:56 Scale Barding Armor
58:44 Chemistry
57:55 Masonry
57:25 Treadmill Crane
57:41 Murder Holes
62:38 Chain Barding Armor
65:31 Plate Barding Armor
67:05 Bloodlines
66:55 Husbandry
66:15 Heavy Hei Guang Cavalry
66:16 Light Cavalry
68:47 Hussar
72:11 Architecture
xKuesT
11:34 Feudal Age
12:32 Loom
12:56 Double-Bit Axe
14:19 Wheelbarrow
18:54 Castle Age
17:59 Stone Mining
19:59 Bow Saw
20:05 Gold Mining
21:35 Stone Shaft Mining
22:32 Padded Archer Armor
24:21 Bloodlines
24:12 Husbandry
35:30 Imperial Age
41:11 Elite Conquistador
42:19 Conscription
44:23 Leather Archer Armor
46:02 Horse Collar
46:40 Hand Cart
52:02 Ring Archer Armor
51:43 Heavy Plow
52:46 Two-Man Saw
57:10 Forging
56:33 Capped Ram
62:47 Siege Ram
66:03 Pikeman
VeX
5:43 Loom
10:57 Feudal Age
14:15 Double-Bit Axe
21:21 Castle Age
19:49 Gold Mining
21:37 Scale Barding Armor
22:07 Husbandry
22:38 Bow Saw
23:06 Gold Shaft Mining
22:24 Stone Mining
25:38 Forging
28:32 Wheelbarrow
34:42 Hand Cart
37:10 Chain Barding Armor
41:23 Imperial Age
40:12 Iron Casting
43:38 Cavalier
46:17 Plate Barding Armor
46:43 Blast Furnace
45:08 Paladin
Connection lost

Rejoining the realm…

Still unreachable

The connection could not be restored.

Session expired

The server has moved on; the page needs a fresh start.